 Dungeon Crawl Stone Soup version 0.29-a0-330-g52719c12eb (webtiles) character file.

Game seed: 14947929932567733384

1947 kae the Firebug (level 9, -1/58 HPs)
             Began as an Octopode Fire Elementalist on Apr 15, 2022.
             Slain by a kobold brigand
             ... wielding a +0 short sword
              (3 damage)
             ... on level 6 of the Dungeon.
             The game lasted 00:06:22 (8212 turns).

kae the Firebug (Octopode Fire Elementalist)        Turns: 8212, Time: 00:06:23

Health: -1/58      AC:  1    Str:  7    XL:     9   Next: 18%
Magic:  11/15      EV: 13    Int: 24    God:
Gold:   423        SH:  5    Dex:  9    Spells: 4/17 levels left

rFire   + . .      SeeInvis .   d - staff of fire
rCold   . . .      Faith    .   e - +1 buckler
rNeg    + . .      Spirit   .   (helmet restricted)
rPois   .          Reflect  .   (no amulet)
rElec   .          Harm     .   f - ring of Music {rN+ Will+ Int+2 Dex-3}
rCorr   .          Rampage  .   g - ring of wizardry
Will    +....                   r - ring of flight
Stlth   +++.......              (no ring)
HPRegen 0.19/turn               (no ring)
MPRegen 0.14/turn               (no ring)
                                (no ring)
                                (no ring)

@: flying, slowed, very slow
A: almost no armour, amphibious, 8 rings, camouflage 1, gelatinous body 1,
(nimble swimmer 1), tentacles
a: no special abilities


You were on level 6 of the Dungeon.
You visited 1 branch of the dungeon, and saw 6 of its levels.
You also visited: Ossuary.

You collected 423 gold pieces.

Inventory:

Missiles
 y - a throwing net
Armour
 e - a +1 buckler (worn)
Magical Staves
 d - a staff of fire (weapon)
Jewellery
 f - the ring of Music (left tentacle) {rN+ Will+ Int+2 Dex-3}
   (You acquired it on level 2 of the Dungeon)

   [ring of willpower]

   Int:       It affects your intelligence (+2).
   Dex:       It affects your dexterity (-3).
   rN:        It protects you from negative energy.
   Will:      It increases your willpower.
 g - a ring of wizardry (right tentacle)
 k - the ring of Tension {Will- rCorr Str+6 Dex+3 Slay+4}
   (You found it on level 3 of the Dungeon)

   [ring of strength]

   Str:       It affects your strength (+6).
   Dex:       It affects your dexterity (+3).
   Slay:      It affects your accuracy & damage with ranged weapons and melee
   (+4).
   rCorr:     It protects you from acid and corrosion.
   Will:      It decreases your willpower.
 r - a ring of flight (on tentacle)
Wands
 i - a wand of paralysis (7)
Scrolls
 c - 4 scrolls of enchant weapon
 n - 3 scrolls of amnesia
 p - 2 scrolls of enchant armour
 v - 2 scrolls of teleportation
 w - a scroll of fear {unknown}
 x - a scroll of blinking
Potions
 a - 2 potions of magic
 b - 2 potions of resistance
 h - 3 potions of heal wounds
 j - 2 potions of might
 l - 2 potions of brilliance
 m - 5 potions of curing
 o - a potion of degeneration
 q - a potion of lignification {unknown}
 s - 3 potions of flight {unknown}
 t - 2 potions of haste {unknown}
 u - a potion of cancellation {unknown}


   Skills:
 + Level 4.1 Fighting
 + Level 4.6 Dodging
 - Level 2.6 Stealth
 - Level 4.0 Shields
 + Level 4.5 Spellcasting
 + Level 4.4 Conjurations
 * Level 7.0 Fire Magic


You had 4 spell levels left.
You knew the following spells:

 Your Spells              Type           Power      Damage    Failure   Level
a - Foxfire               Conj/Fire      100%       2x1d9     1%          1
b - Scorch                Fire           100%       2d10      1%          2
c - Conjure Flame         Conj/Fire      49%        6-21      1%          3
d - Inner Flame           Hex/Fire       33%        N/A       3%          3
e - Flame Wave            Conj/Fire      49%        2d10      4%          4

Your spell library contained the following spells:

 Spells                   Type           Power      Damage    Failure   Level
 Corpse Rot               Necr/Air       10%        N/A       8%          2
 Ensorcelled Hibernation  Hex/Ice        10%        N/A       8%          2
 Passwall                 Tmut/Erth      4%         N/A       8%          2
 Poisonous Vapours        Pois/Air       10%        N/A       8%          2
 Swiftness                Air            5%         N/A       14%         3


Dungeon Overview and Level Annotations

Branches:
Dungeon (6/15)            Ossuary (visited)
 Temple: D:4-7

Altars:
Zin

Shops:
D:6 :


Innate Abilities, Weirdness & Mutations

You cannot wear most types of armour.
You are amphibious.
You can wear up to eight rings at the same time.
Your skin changes colour to match your surroundings (Stealth+).
Your rubbery body absorbs attacks. (AC +1, EV +1)
((You are camouflaged when in or above water. (Stealth+)))
You have tentacles for arms and can constrict up to eight enemies at once.


Message History

You feel very sick.
You feel very sick.
You feel sick.
The kobold brigand throws a curare-tipped dart.
The curare-tipped dart hits you.
You are more poisoned.
You have difficulty breathing.
You feel as though you will be slow longer.
The kobold brigand throws a curare-tipped dart.
The curare-tipped dart barely misses you.
You feel very sick.
You feel very sick.
The kobold brigand throws a curare-tipped dart.
You block the curare-tipped dart.
You feel very sick.
You feel sick.
You feel sick.
You feel better.
You start resting.
A kobold brigand is nearby!
The kobold brigand hits you with a +0 short sword!
Casting: Scorch (safe; 1% risk of failure)
Confirm with . or Enter, or press ? or * to list all spells.
You feel a surge of power!
Flames lash the kobold brigand.
The kobold brigand is moderately wounded.
The kobold brigand's fire resistance burns away.
The kobold brigand hits you with a +0 short sword!
* * * LOW HITPOINT WARNING * * *
The kobold brigand hits you with a +0 short sword.
* * * LOW HITPOINT WARNING * * *
The kobold brigand closely misses you.
Casting: Scorch (safe; 1% risk of failure)
Confirm with . or Enter, or press ? or * to list all spells.
You feel a surge of power!
Flames lash the kobold brigand.
The kobold brigand is burned terribly!
The kobold brigand is severely wounded.
The kobold brigand hits you with a +0 short sword!
* * * LOW HITPOINT WARNING * * *
The kobold brigand hits you with a +0 short sword.
You die...

### #.. ...
###############.#. #.##.#
#......K†)..)..... #.##.#
#K##############.#
#.##.#####@####............
#.##.#..........####...#.#.
#.##.#.###.###### #...#.#.
#.<#.#.# #.# #######...#.##
#..#.#.# #.# #.............
##.)#.#.# #.# #...........##
#.....#.###.# #.[...)##...##
#.....#.....# #......##...##
#...[.#....[###..<...##...##


You could see a kobold brigand (combustible).

Vanquished Creatures
  Menkaure (D:4)
  A water moccasin (D:5)
  2 ice beasts (D:5)
  A black bear (D:6)
  An ogre (D:4)
  2 phantoms
  An elf zombie (D:5)
  An elf skeleton (D:5)
  A gnoll sergeant (D:6)
  2 scorpions (D:6)
  5 wights (D:4)
  A howler monkey (D:4)
  4 human skeletons (D:5)
  2 hounds (D:5)
  3 iguanas
  8 mummies (Ossuary)
  13 gnolls
  4 adders
  A white imp (D:6)
  A worm (D:2)
  A dart slug (D:4)
  8 orcs
  7 ball pythons
  2 bats
  6 endoplasms
  A giant cockroach (D:4)
  2 gnoll zombies (Ossuary)
  6 hobgoblins
  5 jackals (D:1)
  9 kobolds
  5 quokkas
  A frilled lizard (D:3)
  5 goblins
  2 hobgoblin zombies (Ossuary)
  2 kobold zombies (Ossuary)
  4 orc skeletons (D:5)
  3 orc zombies
  A rat (D:3)
125 creatures vanquished.

Vanquished Creatures (collateral kills)
  4 foxfires
4 creatures vanquished.

Vanquished Creatures (others)
  425 foxfires
  4 plants (D:5)
429 creatures vanquished.

Grand Total: 558 creatures vanquished

Notes
Turn   | Place    | Note
-------+----------+-------------------------------------------
     0 | D:1      | kae the Octopode Fire Elementalist began the quest for the
                  | Orb.
     0 | D:1      | Reached XP level 1. HP: 11/11 MP: 3/3
    86 | D:1      | Found a faded altar of an unknown god.
   207 | D:1      | Reached XP level 2. HP: 17/17 MP: 5/5
   733 | D:1      | Reached XP level 3. HP: 22/22 MP: 3/6
   736 | D:1      | Learned a level 2 spell: Scorch
   740 | D:1      | Learned a level 3 spell: Conjure Flame
  1228 | D:2      | Identified 2 scrolls of acquirement
  1228 | D:2      | Acquired the ring of Music {rN+ Will+ Int+2 Dex-3}
  1231 | D:2      | Acquired a ring of wizardry
  1899 | D:3      | Reached skill level 1 in Fighting
  1956 | D:3      | Reached XP level 4. HP: 24/28 MP: 1/7
  1960 | D:2      | Reached skill level 1 in Shields
  2312 | D:3      | Identified the ring of Tension {Will- rCorr Str+6 Dex+3
                  | Slay+4}
  2349 | D:3      | Noticed a phantom
  2357 | D:3      | Killed a phantom
  2358 | D:3      | Reached skill level 4 in Fire Magic
  2358 | D:3      | Reached XP level 5. HP: 25/33 MP: 3/8
  3606 | D:4      | Reached XP level 6. HP: 39/39 MP: 5/10
  3648 | D:4      | Learned a level 3 spell: Inner Flame
  3649 | D:4      | Noticed Menkaure
  3657 | D:4      | Killed Menkaure
  3733 | D:4      | Reached XP level 7. HP: 45/45 MP: 5/11
  3863 | D:4      | Reached skill level 5 in Fire Magic
  4521 | D:4      | Found a glowing silver altar of Zin.
  4561 | D:4      | HP: 2/41 [wight/+2 battleaxe (2)]
  5161 | D:5      | Entered Level 5 of the Dungeon
  5198 | D:5      | Reached XP level 8. HP: 35/51 MP: 6/13
  5205 | D:5      | Found a sand-covered staircase.
  5263 | Ossuary  | Entered an ossuary
  6028 | D:5      | Reached skill level 6 in Fire Magic
  7671 | D:6      | Reached XP level 9. HP: 57/58 MP: 10/15
  8018 | D:6      | Found Fapu's Book Boutique.
  8028 | D:6      | Learned a level 4 spell: Flame Wave
  8058 | D:6      | Reached skill level 7 in Fire Magic
  8212 | D:6      | HP: 2/58 [kobold brigand/+0 short sword (11)]
  8212 | D:6      | Slain by a kobold brigand

Illustrated notes

Levels and vault maps discovered:
D:1:      dpeg_arrival_shrine, layout_loops_ring,
          dreamdust_ecumenical_altar_angels_and_demons,
          nicolae_concentric_dashed_squares_mild, kennysheep_doodads,
          minmay_cupped
D:2:      layout_rooms
D:3:      layout_rooms, dreamdust_princess_bridge
D:4:      layout_loops_corners, mainiacjoe_overflow_six_doors_small,
          serial_rivers, chequers_serial_rivers_small_b,
          chequers_serial_rivers_small_3, chequers_serial_rivers_micro_a,
          chequers_serial_rivers_room_a, uniq_menkaure
D:5:      wad_woods_pond, layout_loops_corners, nicolae_ossuary_entry_catacombs
D:6:      layout_basic, serial_shops, nicolae_shop_hallway_plus

Skill      XL: |  1  2  3  4  5  6  7  8  9 |
---------------+----------------------------+-----
Fighting       | 1 2 3 4 |  4.1
Shields        | 1 2 3 4 |  4.0
Fire Magic     | 4 5 6 7 |  7.0
Conjurations   | 2 3 4 |  4.4
Dodging        | 3 4 |  4.6
Spellcasting   | 3 4 |  4.5
Stealth        | |  2.6

Action                   |  1- 3 |  4- 6 |  7- 9 || total
-------------------------+-------+-------+-------++-------
Melee: Unarmed           |     6 |       |       ||     6
       Tentacles         |     7 |       |    20 ||    27
       Constrict         |     8 |       |    10 ||    18
       Staff             |    14 |       |    46 ||    60
       Punch             |       |       |     1 ||     1
 Cast: Foxfire           |    46 |    44 |   159 ||   249
       Scorch            |     6 |     7 |    38 ||    51
       Conjure Flame     |       |     1 |     4 ||     5
  Use: Scroll            |     7 |     5 |     7 ||    19
       Potion            |       |       |     2 ||     2
 Stab: Sleeping          |     2 |       |     1 ||     3
       Distracted        |       |       |     1 ||     1
Armor: Skin              |       |       |     3 ||     3
Dodge: Dodged            |    24 |     5 |    54 ||    83
Block: Buckler           |    12 |     1 |    14 ||    27

Table legend: (Time is in decaauts)
 A = Elapsed time spent in this place.
 B = Non-inter-level travel time spent in this place.
 C = Inter-level travel time spent in this place.
 D = Time resting spent in this place.
 E = Time spent auto-exploring this place.
 F = Levels seen in this place.
 G = Mean time per level.
                   A        B        C        D        E       F      G
               +--------+--------+--------+--------+--------+-----+--------+
         Total |   8235 |   7963 |    272 |    763 |   5947 |   7 | 1176.4 |
       Dungeon |   7650 |   7378 |    272 |    657 |   5635 |   6 | 1275.0 |
       Ossuary |    584 |    584 |      0 |    106 |    312 |   1 |  584.0 |
               +--------+--------+--------+--------+--------+-----+--------+

Top non-repeatable levels by time:
     D:5: 1803 daAuts
     D:4: 1600 daAuts
     D:1: 1226 daAuts
     D:3: 1198 daAuts
     D:2: 1140 daAuts
     D:6: 679 daAuts
 Ossuary: 584 daAuts
